woodfighter, neutral female scurrid Tourist --------- |........###### ------- |....%..| # ###....... |.......| ### ------ | # |{....|# ----.---- # |....| .....| ### |.....-## # ##.....-### ..!...$...| -------- # |...*.|## ### |....|`# -------+-- |.....<.## --+----#### # ####-....|# |......| ### # # |..%.|# |.......######## ####`##############l@ ------# -----.--# # ##-.-----------############## #### # #-............## ### -.--- |...........| # |...| |...........| ###|...| |.........>.| #-%..| ------------- ----- woodfighter the Sightseer Experience level: 3 Strength: 10 Dexterity: 10 Constitution: 13 Intelligence: 15 Wisdom: 11 Charisma: 17 Health: 0(13) Energy: 13(13) Def: 0 Gold: 1425 Moves: 1036 Dungeon seed: x2meqiCP0sNdC5jG Game ID: woodfighter_1527225422 Your Inventory: Coins $ - 1425 gold pieces Weapons a - 42 +2 darts (in quiver) v - a +3 orcish dagger named Dagger of Sorrow (weapon in paw) Armor e - an uncursed +0 Hawaiian shirt (being worn) q - a cursed -2 pair of levitation boots r - a cursed -1 pair of gauntlets of fumbling Comestibles b - 5 uncursed food rations c - 3 uncursed chestnuts d - 3 uncursed tripe rations f - an uncursed tin of goblin meat g - an uncursed tin of newt meat h - an uncursed cram ration G - 2 uncursed eucalyptus leaves R - an uncursed egg Scrolls k - 3 uncursed scrolls of magic mapping l - a blessed scroll of magic mapping I - an uncursed scroll of identify Potions i - an uncursed potion of extra healing j - a blessed potion of extra healing E - an uncursed potion of healing H - an uncursed potion of speed J - 2 uncursed potions of water Wands o - a wand of secret door detection (0:13) K - a blessed wand of cancellation (0:4) Tools m - an expensive camera (0:40) p - an uncursed leash y - an uncursed credit card Spells and supernatural/magical abilities: Name Level Category Fail Memory W - pray for help -- divine ? -- Your skills at the end: Miscellaneous Skills wands [Basic] Weapon Skills dart [Basic] Spellcasting Skills Final Attributes: You were devoutly aligned. You had infravision. You were very stealthy. You are dead. Vanquished creatures: 2 kittens a jitterbug 2 coyotes a gecko a hobgoblin a giant rat a fox a kobold 2 newts a sewer rat 6 grid bugs 4 lichens a kobold zombie 24 creatures vanquished. Voluntary challenges: You followed a strict vegan diet. You did not adorn yourself with jewelry or accessories. You did not cause conflict. You were not invisible. You did not have reflection. You were not displaced. You used a wielded weapon 2 times, starting on turn 1024. You did not use containers. You did not apply a unicorn horn. You did not use plumbed fixtures. You did not drink any magical draughts. You were illiterate. You never genocided any monsters. You never polymorphed an object. You never changed form. You used no wishes. You never split a pudding. You never wrote Elbereth's name. You never violated your personal moral code. Dungeon overview: The Dungeons of Doom: levels 1 to 5 Level 1 an altar to Blind Io a long staircase Level 2 a general store, an altar to Blind Io, a fountain Level 3 a fountain Level 4 <- You were here a fountain stairs to The Gnomish Mines Level 5 The Gnomish Mines: Level 5 stairs to The Dungeons of Doom History has recorded: On T:1 you entered the Dungeons of Doom to retrieve the Amulet of Yendor! On T:97 you reached level 2 of The Dungeons of Doom. On T:259 you advanced to experience level 2. On T:275 you reached level 3 of The Dungeons of Doom. On T:560 you reached level 4 of The Dungeons of Doom. On T:901 you advanced to experience level 3. On T:931 you reached level 1 of The Gnomish Mines. On T:957 you reached level 5 of The Dungeons of Doom. Score breakdown: Gold: 499 ( 49 points) Experience: 3 levels ( 200 points) Exploration: 5 levels ( 120 points) Discoveries: 9 items ( 450 points) Variety of kills: 13 monsters ( 650 points) Major goal: (nothing yet) ( 0 points) Survival: died (score multiplied by 3) Total score: 4407 Latest messages: You continue digging. You chew a passage through the rock. You stop exploring. (3x) The door resists! (5x) The door opens. You stab the kitten. The kitten bites! You stab the kitten. The dart hits the kitten! The kitten bites! (2x) You kill the kitten! a - 2 +2 darts (in quiver). You are beginning to feel weak. This lichen corpse tastes terrible! You don't feel so weak now. You finish eating the lichen corpse. You hear the chime of a cash register. You stop exploring. The iguana bites! You start chewing a hole in the rock. You continue digging. You chew a passage through the rock. The iguana bites! You die... Final status: Aloha woodfighter the Tourist, killed by an iguana... You died in The Dungeons of Doom on dungeon level 4 with 4407 points, and 1425 pieces of gold, after 1036 moves. You were level 3 with a maximum of 13 hit points when you died.